 Dungeon Crawl Stone Soup version 0.27-a0-1200-g94dc6ad4cf (webtiles) character file.

Game seed: 3682068515961410148

4346 Delamore the Basher (level 10, -3/59 HPs)
             Began as a Gargoyle Fighter on June 1, 2021.
             Was an Elder of Okawaru.
             Killed by divine providence
             ... invoked by an orc priest
              (13 damage)
             ... on level 9 of the Dungeon.
             The game lasted 00:10:47 (9291 turns).

Delamore the Basher (Gargoyle Fighter)              Turns: 9291, Time: 00:10:48

Health: -3/59      AC: 18    Str: 24    XL:     10   Next: 34%
Magic:  10/10      EV:  8    Int:  8    God:    Okawaru [****..]
Gold:   557        SH: 14    Dex:  9    Spells: 9/9 levels left

rFire    + . .     SeeInvis .   r - +1 whip (drain)
rCold    . . .     Faith    .   c - +0 kite shield
rNeg     + . .     Spirit   .   t - +2 ring mail {rF+}
rPois    ∞         Reflect  +   n - +0 helmet
rElec    +         Harm     .   (no cloak)
rCorr    .         Rampage  .   B - +1 pair of gloves
Will     .....                  (no boots)
Stlth    ..........             j - amulet of reflection
HPRegen  0.19/turn              (no ring)
MPRegen  0.12/turn              (no ring)

@: no status effects
A: sickness immunity, AC +7, negative energy resistance 1, electricity
resistance, torment resistance 1, petrification resistance
a: Renounce Religion, Heroism


You were on level 9 of the Dungeon.
You worshipped Okawaru.
Okawaru was greatly pleased with you.
You visited 2 branches of the dungeon, and saw 10 of its levels.

You collected 557 gold pieces.

Inventory:

Hand Weapons
 r - a +1 whip of draining (weapon)
 z - a +0 morningstar
Missiles
 o - 8 curare-tipped darts (quivered)
 s - 43 poisoned darts
 y - a throwing net
Armour
 b - a +0 scale mail
 c - a +0 kite shield (worn)
 n - a +0 helmet (worn)
 t - a +2 ring mail of fire resistance (worn)
 B - a +1 pair of gloves (worn)
Jewellery
 j - an amulet of reflection (around neck)
 G - a ring of flight
Wands
 p - a wand of charming (9)
 D - a wand of mindburst (16)
 E - a wand of acid (10)
 I - a wand of flame (19)
Scrolls
 f - 3 scrolls of teleportation
 h - 3 scrolls of silence
 k - a scroll of holy word
 q - a scroll of summoning
 v - 2 scrolls of noise
 x - a scroll of enchant armour
 F - a scroll of amnesia
 H - a scroll of immolation
 J - a scroll of vulnerability {unknown}
Potions
 a - 2 potions of invisibility
 d - a potion of brilliance {unknown}
 e - a potion of haste {unknown}
 g - 3 potions of curing
 i - a potion of cancellation {unknown}
 l - 3 potions of ambrosia {unknown}
 m - 2 potions of lignification {unknown}
 u - 3 potions of berserk rage
 w - 3 potions of attraction {unknown}
 A - a potion of mutation {unknown}
 C - a potion of might


   Skills:
 - Level 5.0 Fighting
 * Level 13.8 Maces & Flails
 - Level 3.2 Armour
 - Level 3.2 Shields
 + Level 1.1 Invocations


You had 9 spell levels left.
You didn't know any spells.
Your spell library contained the following spells:

 Spells                   Type           Power      Damage    Failure   Level
 Beastly Appendage        Tmut           0%         N/A       97%         1
 Corona                   Hex            0%         N/A       97%         1
 Magic Dart               Conj           0%         1d3       97%         1
 Searing Ray              Conj           0%         3d3       99%         2
 Slow                     Hex            0%         N/A       99%         2
 Wereblood                Tmut           0%         N/A       99%         2
 Dazzling Flash           Conj/Hex       0%         N/A       100%        3
 Inner Flame              Hex/Fire       0%         N/A       100%        3
 Portal Projectile        Hex/Tloc       0%         N/A       100%        3
 Spider Form              Tmut/Pois      0%         N/A       100%        3
 Cause Fear               Hex            0%         N/A       100%        4
 Fulminant Prism          Conj/Hex       0%         3d6       100%        4
 Ice Form                 Ice/Tmut       0%         N/A       100%        4
 Iskenderun's Mystic Bla  Conj/Tloc      0%         2d3       100%        4
 Leda's Liquefaction      Hex/Erth       0%         N/A       100%        4
 Hydra Form               Tmut           0%         N/A       100%        5


Dungeon Overview and Level Annotations

Branches:
Dungeon (9/15)             Temple (1/1) D:5
   Lair: D:8-11         Orc: D:9-12

Altars:
Ashenzari
Cheibriados
Elyvilon
Gozag
Hepliaklqana
Kikubaaqudgha
Makhleb
Nemelex Xobeh
Okawaru
Ru
Trog
Uskayaw
Vehumet
Wu Jian
Xom
Yredelemnul
Zin
The Shining One

Shops:
D:3 (   D:4 =   D:9 (


Innate Abilities, Weirdness & Mutations

You are immune to sickness and miasma.
Your stone body is resilient. (AC +7)
You are immune to poison.
You resist negative energy. (rN+)
You are resistant to electric shocks. (rElec)
You are resistant to unholy torment.
You are immune to petrification.


Message History

The orc warrior is lightly wounded.
You hit the orc warrior but do no damage.
The orc warrior is lightly wounded.
The orc wizard points at itself and mumbles some strange words.
The orc wizard flickers and vanishes!
Deactivating autopickup; reactivate with Ctrl-A.
You hit the orc priest.
The orc priest is severely wounded.
The orc priest calls down the wrath of Beogh upon you.
Beogh smites you!
You hit the orc priest but do no damage.
You drain the orc priest.
The orc priest is almost dead.
The orc warrior hits you with a +0 mace!
You barely miss the orc priest.
The orc priest is almost dead.
The orc priest mumbles some strange prayers to Beogh against you.
Pain shoots through your body!
You whack the orc priest!
You kill the orc priest!
Okawaru accepts your kill. You block the orc warrior's attack.
You hit the orc priest but do no damage.
You block the orc priest's attack.
The orc warrior hits you with a +0 mace.
You hear some strange, mumbled words.
A puff of flame appears from out of thin air!
The puff of flame misses you.
You hit the orc priest but do no damage.
The orc priest hits you but does no damage.
Something hits you but does no damage. The orc priest barely misses you.
Things that are here:
a +0 short sword; a smoky amethyst potion The orc priest calls down the wrath of Beogh upon you.
Beogh smites you!
* * * LOW HITPOINT WARNING * * *
You block something's attack.
The orc priest mumbles some strange prayers to Beogh against you.
Beogh smites you!
You die...

.[.... # ....# ###.
....# ..# #... ....#
... #..# #... ....#
####..###.# .....##
#..<.....o##.......
#.#...@o)..........
#.###...#..##...... ♣.♣
#.....###......
###♣♣.♣♣###...##.......
#.............#........
#.#♣♣.♣♣#.........#....
##. ♣.♣ #......#..# .
##..# #.###.....###....
#....##.........#
#..#..


You could see an orc warrior (drained) and an orc priest.

Vanquished Creatures
  A hornet (D:9)
  Sigmund (D:2)
  5 yaks (D:8)
  2 steam dragons (D:8)
  The ghost of fly the Chiller, an amateur OpIE of Qazlal (D:3)
  A water moccasin (D:8)
  An orc warrior (D:7)
  2 ice beasts
  Purgy (D:3)
  3 sky beasts
  3 necrophages
  3 centaurs
  2 kobold brigands
  A water moccasin zombie (D:5)
  3 scorpions (D:6)
  3 bullfrogs
  4 wights (D:6)
  A howler monkey (D:8)
  The ghost of fly the Chiller, a weakling OpIE (D:3)
  A jelly (D:6)
  2 centaur zombies
  2 orc priests
  2 centaur skeletons
  A gnoll shaman (D:4)
  4 hounds
  2 bullfrog skeletons (D:5)
  An iguana (D:6)
  Jessica (D:3)
  Ijyb (D:3)
  Terence (D:2)
  4 orc wizards
  A scorpion zombie (D:4)
  A howler monkey zombie (D:8)
  9 adders
  5 gnolls (D:4)
  A shadow imp (D:6)
  An ufetubus (D:7)
  An adder skeleton (D:4)
  A worm (D:2)
  5 dart slugs
  9 orcs
  10 ball pythons
  6 bats
  2 endoplasms (D:3)
  3 goblins
  7 hobgoblins
  13 kobolds
  4 quokkas
  A frilled lizard (D:3)
  A quokka zombie (D:3)
  9 rats
151 creatures vanquished.

Vanquished Creatures (others)
  2 fungi (D:3)
  2 plants (D:3)
4 creatures vanquished.

Grand Total: 155 creatures vanquished

Notes
Turn   | Place    | Note
-------+----------+-------------------------------------------
     0 | D:1      | Delamore the Gargoyle Fighter began the quest for the Orb.
     0 | D:1      | Reached XP level 1. HP: 14/14 MP: 1/1
    59 | D:1      | Reached XP level 2. HP: 18/19 MP: 2/2
   522 | D:1      | Reached skill level 3 in Maces & Flails
   527 | D:1      | Reached XP level 3. HP: 24/24 MP: 3/3
   985 | D:2      | Noticed Sigmund
  1043 | D:2      | Noticed Terence
  1052 | D:2      | Killed Terence
  1053 | D:2      | Reached XP level 4. HP: 13/29 MP: 4/4
  1405 | D:3      | Noticed Purgy
  1426 | D:3      | Killed Purgy
  1427 | D:3      | Reached skill level 4 in Maces & Flails
  1427 | D:3      | Reached XP level 5. HP: 16/34 MP: 5/5
  1672 | D:3      | Noticed Ijyb
  1889 | D:3      | Noticed Jessica
  1891 | D:3      | Killed Jessica
  1892 | D:3      | Reached skill level 5 in Maces & Flails
  1892 | D:3      | Reached XP level 6. HP: 40/40 MP: 6/6
  1982 | D:3      | Found a sparkling altar of Nemelex Xobeh.
  2071 | D:3      | Found Tegum's Weapon Shop.
  2095 | D:3      | Found a runed translucent gate.
  2095 | D:3      | Found a runed translucent gate.
  2095 | D:3      | Found a runed translucent gate.
  2095 | D:3      | Noticed fly's ghost (amateur OpIE)
  2097 | D:3      | Found a basalt altar of Yredelemnul.
  2117 | D:3      | Reached skill level 5 in Fighting
  2165 | D:3      | Killed Ijyb
  2413 | D:3      | Found a runed translucent gate.
  2413 | D:3      | Found a runed translucent gate.
  2414 | D:3      | Found a runed translucent gate.
  2414 | D:3      | Noticed fly's ghost (weakling OpIE)
  2689 | D:3      | Reached skill level 6 in Maces & Flails
  2708 | D:3      | Killed fly's ghost
  2709 | D:3      | Reached XP level 7. HP: 17/44 MP: 7/7
  2996 | D:3      | Killed fly's ghost
  3213 | D:4      | Reached skill level 7 in Maces & Flails
  3275 | D:4      | Found an ornate altar of the Wu Jian Council.
  3952 | D:4      | Found Lopuiwim's Jewellery Shop.
  4067 | D:5      | Entered Level 5 of the Dungeon
  4070 | D:5      | Found an opulent altar of Gozag.
  4180 | D:5      | Found a staircase to the Ecumenical Temple.
  4193 | Temple   | Entered the Ecumenical Temple
  4408 | Temple   | Became a worshipper of Warmaster Okawaru
  4534 | D:5      | Reached skill level 8 in Maces & Flails
  4715 | D:5      | Reached XP level 8. HP: 46/49 MP: 8/8
  4972 | D:5      | Reached skill level 9 in Maces & Flails
  5157 | D:5      | Noticed a vampire
  5578 | D:2      | Killed Sigmund
  5578 | D:2      | Reached * piety under Okawaru
  6287 | D:6      | Reached skill level 10 in Maces & Flails
  6607 | D:6      | Reached XP level 9. HP: 52/54 MP: 9/9
  6638 | D:6      | Reached ** piety under Okawaru
  6993 | D:7      | Reached skill level 11 in Maces & Flails
  7328 | D:6      | Found a hide-covered altar of Uskayaw.
  8072 | D:7      | Reached skill level 12 in Maces & Flails
  8476 | D:8      | Found a radiant altar of Vehumet.
  8547 | D:8      | Found a shimmering altar of Xom.
  8592 | D:8      | Reached *** piety under Okawaru
  8698 | D:8      | Reached skill level 13 in Maces & Flails
  8698 | D:8      | Reached XP level 10. HP: 48/59 MP: 10/10
  8735 | D:8      | Reached **** piety under Okawaru
  9180 | D:9      | Found Verivav's Weapon Boutique.
  9196 | D:9      | Reached skill level 1 in Invocations
  9291 | D:9      | Killed from afar by an orc priest

Illustrated notes

Levels and vault maps discovered:
D:1:      lightli_iron_boxes, layout_rooms, minmay_cupped
D:2:      layout_rooms, uniq_sigmund, uniq_terence
D:3:      layout_loops_ring, nicolae_yredelemnul_ghost_church,
          nemelex_dance_club_becter, serial_shops, shop,
          gammafunk_ghost_nasty_kobolds, grunt_decor_mini_mirrors, uniq_purgy,
          uniq_jessica, uniq_ijyb
D:4:      layout_basic, nzn_wu_jian_contemplation, serial_shops, shop
D:5:      layout_basic, amcnicky_altar_gilded, minmay_temple_entry_mini_moons
D:6:      cheibrodos_quashed, layout_loops_corners, kennysheep_little_box,
          serial_park_tiny_1, hangedman_decor_slide_cut,
          kennysheep_generic_room_11
D:7:      layout_rooms
D:8:      layout_loops_ring, vehumet_crystals, overflow_temple_1_default
D:9:      layout_cave_pools, lemuel_coloured_pillars_altar,
          grunt_dithmenos_smoke, david_orc_1_choice, serial_shops, shop,
          minmay_tree_intersection
Temple:   grunt_temple_mini_profane

Skill      XL: |  1  2  3  4  5  6  7  8  9 10 |
---------------+-------------------------------+-----
Maces & Flails | 3 4 5 6 8 10 13 | 13.8
Fighting       | 4 5 |  5.0
Invocations    | 1 |  1.1
Armour         | |  3.2
Shields        | |  3.2

Action                   |  1- 3 |  4- 6 |  7- 9 | 10-12 || total
-------------------------+-------+-------+-------+-------++-------
Melee: Flail             |   103 |   153 |       |       ||   256
       Unarmed           |       |    19 |       |       ||    19
       Whip              |       |       |   509 |    82 ||   591
Evoke: Wand              |       |    13 |     2 |       ||    15
  Use: Potion            |     1 |     2 |     2 |       ||     5
       Scroll            |       |       |       |     9 ||     9
 Stab: Paralysed         |       |     2 |       |       ||     2
Armor: Scale mail        |    66 |    66 |    18 |       ||   150
       Ring mail         |       |       |   131 |    16 ||   147
Dodge: Dodged            |    49 |    38 |    89 |    10 ||   186
Block: Kite shield       |    75 |   141 |   286 |    35 ||   537
       Reflection        |       |     2 |     2 |       ||     4
       Other             |       |     4 |       |       ||     4

Table legend: (Time is in decaauts)
 A = Elapsed time spent in this place.
 B = Non-inter-level travel time spent in this place.
 C = Inter-level travel time spent in this place.
 D = Time resting spent in this place.
 E = Time spent auto-exploring this place.
 F = Levels seen in this place.
 G = Mean time per level.
                   A        B        C        D        E       F      G
               +--------+--------+--------+--------+--------+-----+--------+
         Total |   9297 |   8765 |    532 |   1190 |   6024 |  10 |  929.7 |
       Dungeon |   9057 |   8574 |    483 |   1190 |   5836 |   9 | 1006.3 |
        Temple |    239 |    190 |     49 |      0 |    188 |   1 |  239.0 |
               +--------+--------+--------+--------+--------+-----+--------+

Top non-repeatable levels by time:
     D:3: 1822 daAuts
     D:5: 1322 daAuts
     D:6: 1302 daAuts
     D:4: 1065 daAuts
     D:1: 1033 daAuts
     D:2: 855 daAuts
     D:8: 775 daAuts
     D:7: 759 daAuts
  Temple: 239 daAuts
     D:9: 119 daAuts
